 Dungeon Crawl Stone Soup version 0.24-a0-537-g2d01d4ab0a (webtiles) character file.

Game seed: 16386839045906752941

212 Mithandil the Skirmisher (level 5, -9/42 HPs)
             Began as a Demonspawn Abyssal Knight on Aug 14, 2019.
             Was a Believer of Lugonu.
             Killed from afar by Pikel (12 damage)
             ... with a bolt of acid
             ... on level 4 of the Dungeon.
             The game lasted 00:24:59 (4345 turns).

Mithandil the Skirmisher (DsAK)                     Turns: 4345, Time: 00:25:00

Health: -9/42      AC: 10    Str: 16    XL:     5   Next: 58%
Magic:  7/7        EV: 11    Int: 13    God:    Lugonu [**....]
Gold:   174        SH:  0    Dex: 12    Spells: 4/4 levels left

rFire    . . .     SeeInvis .   a - +0 spear
rCold    + . .     Gourm    .   (no shield)
rNeg     . . .     Faith    .   l - +2 ring mail {rC+}
rPois    .         Spirit   .   (helmet restricted)
rElec    .         Reflect  .   (no cloak)
rCorr    .         Harm     .   (no gloves)
MR       .....                  (no boots)
Stlth    +.........             (no amulet)
HPRegen  0.14/turn              m - ring of wizardry
MPRegen  0.10/turn              B - ring of flight

@: no status effects
A: antennae 2, thin metallic scales 2, blink, strong 1
a: Blink, Depart the Abyss, Bend Space, Renounce Religion, Evoke Flight


You were on level 4 of the Dungeon.
You worshipped Lugonu.
Lugonu was pleased with you.
You were not hungry.

You visited 1 branch of the dungeon, and saw 5 of its levels.
You visited the Abyss 1 time.

You collected 174 gold pieces.

Inventory:

Hand Weapons
 a - a +0 spear (weapon)
 b - a +0 hunting sling
 s - a +0 whip
 C - a +0 long sword
 D - a +0 rapier
Missiles
 d - 107 stones
 f - 12 sling bullets
 k - 8 boomerangs (quivered)
 n - 13 bolts
 p - 7 javelins
 v - 60 arrows
 y - 40 poisoned darts
Armour
 l - a +2 ring mail of cold resistance (worn)
 A - a +1 leather armour of cold resistance
Jewellery
 m - a ring of wizardry (left hand)
 B - a ring of flight (right hand)
Scrolls
 e - a scroll of identify
 g - a scroll of amnesia {unknown}
 h - 2 scrolls of blinking
 j - a scroll of enchant armour {unknown}
 o - 3 scrolls of remove curse
 q - 3 scrolls of teleportation {unknown}
 r - a scroll of immolation {unknown}
 t - a scroll of fog
 u - a scroll of magic mapping {unknown}
 w - a scroll of enchant weapon {unknown}
Potions
 i - 2 potions of flight
 x - 2 potions of haste
Comestibles
 c - 8 rations
 z - a chunk of flesh


   Skills:
 + Level 3.7 Fighting
 - Level 1.8 Long Blades
 * Level 2.3 Polearms
 + Level 2.5 Armour
 + Level 2.0 Dodging
 + Level 1.4 Unarmed Combat
 + Level 3.4 Invocations


You had 4 spell levels left.
You didn't know any spells.
Your spell library was empty.

Dungeon Overview and Level Annotations

Branches:
Dungeon (5/15)
 Temple: D:4-7

Altars:

Annotations:
D:4 Pikel


Innate Abilities, Weirdness & Mutations

You have a pair of antennae on your head.
You are mostly covered in thin metallic scales. (AC +3)
You can translocate small distances at will.
Your muscles are strong. (Str +2)


Message History

You puncture the bullfrog skeleton!
The bullfrog skeleton is almost destroyed.
Pikel barely misses you.
The bullfrog skeleton hits you but does no damage.
The worker ant waves its antennae.
Some of the chunks of flesh in your inventory have rotted away.
You hit the bullfrog skeleton.
The bullfrog skeleton is almost destroyed.
The bullfrog skeleton barely misses you.
Pikel hits you but does no damage.
You hit the bullfrog skeleton.
You destroy the bullfrog skeleton!
Lugonu accepts your kill.
Your Dodging skill increases to level 2!
Pikel zaps a wand.
The bolt of acid hits you.
* * * LOW HITPOINT WARNING * * *
You are splashed with acid!
* * * LOW HITPOINT WARNING * * *
Pikel zaps a wand.
The bolt of acid hits you!
You die...

#....).....# #.##
##....## #..##.....##
#.# ##......
#..##.....####.#
##..###..
#.###.....##...# ##..##
#. ##..####.#....###
####..## . ....#
#.#..### #{.p.## #
###.# ....## #####.####
#
###.##...#.######.Kppa#
#
..#.##..##......@.#####
######## ..#.##..
##..###### .......>
..#.##.# ... ........
..#.#..# ..##. ........
.......# .# ##..####
...#.#.##.# #..
#..#......# #.#
##......# ####.#
##.#...### #..<.#


You could see Pikel, 2 slaves and a worker ant.

Vanquished Creatures
  A scorpion (D:3)
  A bullfrog skeleton (D:4)
  A worker ant (D:4)
  A gnoll (D:1)
  4 adders
  3 worms (D:3)
  3 dart slugs
  3 giant cockroaches
  6 goblins
  11 hobgoblins
  A quokka (D:2)
  7 bats
  4 frilled lizards
  5 kobolds
  5 rats
56 creatures vanquished.

Notes
Turn   | Place    | Note
-------+----------+-------------------------------------------
     0 | Abyss:1  | Mithandil the Demonspawn Abyssal Knight began the quest for
                  | the Orb.
     0 | Abyss:1  | Reached XP level 1. HP: 18/18 MP: 2/2
    68 | Abyss:1  | Noticed an iron dragon zombie
    70 | D:1      | Escaped the Abyss
    86 | D:1      | Reached skill level 1 in Dodging
   258 | D:1      | Reached * piety under Lugonu
   441 | D:1      | Gained mutation: You have a pair of small antennae on your
                  | head. [demonic ancestry]
   441 | D:1      | Reached XP level 2. HP: 24/24 MP: 3/3
   632 | D:1      | HP: 1/24 [gnoll/+0 whip (1)]
   633 | D:1      | Reached skill level 1 in Polearms
  1033 | D:1      | Gained mutation: You are partially covered in thin metallic
                  | scales. (AC +2) [demonic ancestry]
  1033 | D:1      | Reached XP level 3. HP: 27/29 MP: 5/5
  2137 | D:2      | Gained mutation: You are mostly covered in thin metallic
                  | scales. (AC +3) [demonic ancestry]
  2137 | D:2      | Reached XP level 4. HP: 33/35 MP: 6/6
  2660 | D:3      | Gained mutation: Your muscles are strong. (Str +2) [potion
                  | of mutation]
  2660 | D:3      | Gained mutation: You can translocate small distances at
                  | will. [potion of mutation]
  2850 | D:4      | Reached skill level 1 in Unarmed Combat
  3123 | D:5      | Entered Level 5 of the Dungeon
  3353 | D:3      | Reached ** piety under Lugonu
  3645 | D:3      | Gained mutation: You have a pair of antennae on your head.
                  | [demonic ancestry]
  3645 | D:3      | Reached XP level 5. HP: 9/42 MP: 7/7
  4318 | D:4      | Noticed Pikel
  4318 | D:4      | Noticed a slave
  4319 | D:4      | Noticed a slave
  4320 | D:4      | Noticed a slave
  4336 | D:4      | Noticed a slave
  4342 | D:4      | HP: 2/42 [acid (7)]
  4345 | D:4      | Killed from afar by Pikel

Levels and vault maps discovered:
D:1:      noname_arrival_rooms_in_the_neighbourhood, layout_basic, hex_tiny
D:2:      layout_basic, first_ration, serial_bayou_pond_e
D:3:      layout_basic, lemuel_statue_altar
D:4:      layout_rooms, uniq_pikel, uniq_crazy_yiuf_cottage
D:5:      layout_loops_corners, kennysheep_little_box,
          ebering_ghost_disaster_area, uniq_menkaure, uniq_eustachio,
          uniq_duvessa

Skill      XL: |  1  2  3  4  5 |
---------------+----------------+-----
Dodging        | 1 2 |  2.0
Polearms       | 1 2 |  2.3
Armour         | 2 |  2.5
Invocations    | 3 |  3.4
Unarmed Combat | 1 |  1.4
Fighting       | |  3.7
Long Blades    | |  1.8

Action                   |  1- 3 |  4- 6 || total
-------------------------+-------+-------++-------
Melee: Spear             |   175 |   184 ||   359
       Falchion          |     4 |       ||     4
       Punch             |     2 |     1 ||     3
 Fire: Hunting sling     |       |     4 ||     4
Invok: Depart the Abyss  |     1 |       ||     1
  Use: Scroll            |     4 |     1 ||     5
       Potion            |     6 |     2 ||     8
  Eat: Chunk             |     4 |     7 ||    11
Armor: Ring mail         |    64 |    64 ||   128
       Leather armour    |     1 |       ||     1
Dodge: Dodged            |    83 |    86 ||   169
       Rpst.: Falchion   |     1 |       ||     1

Table legend:
 A = Non-vault XP
 B = Vault XP
 C = Vault XP percentage of total XP
 D = Non-vault monster count
 E = Vault monster count
 F = Vault count percentage of total count
                 A         B        C        D         E       F
            +---------+---------+-------+---------+---------+-------
      Total |     304 |       0 |   0.0 |      56 |       0 |   0.0
            +---------+---------+-------+---------+---------+-------
        D:1 |      60 |       0 |   0.0 |      27 |       0 |   0.0
        D:2 |      39 |       0 |   0.0 |       8 |       0 |   0.0
        D:3 |     128 |       0 |   0.0 |      18 |       0 |   0.0
        D:4 |      77 |       0 |   0.0 |       3 |       0 |   0.0
            +---------+---------+-------+---------+---------+-------
